 Dungeon Crawl Stone Soup version 0.18-a0-750-g37044d6 (webtiles) character file.

312 gorblad the Sneak (level 6, 0/65 HPs)
             Began as an Ogre Assassin on Dec 11, 2015.
             Was a Follower of Cheibriados.
             Slain by a phantom (8 damage)
             ... on level 4 of the Dungeon.
             The game lasted 00:08:39 (3380 turns).

gorblad the Sneak (Ogre Assassin)                   Turns: 3380, Time: 00:08:39

Health: 0/65       AC:  4    Str: 20    XL:     6   Next: 42%
Magic:  6/6        EV:  9    Int: 13    God:    Cheibriados [*.....]
Gold:   209        SH:  0    Dex: 16    Spells: 0 memorised, 5 levels left

rFire  . . .     SeeInvis .     o - +2 dagger (freeze)
rCold  . . .     Clarity  .     c - +0 robe
rNeg   . . .     SustAt   .     (no shield)
rPois  .         Gourm    .     (helmet restricted)
rElec  .         Spirit   .     d - +0 cloak
rCorr  .         Dismiss  .     (gloves unavailable)
rMut   .         Stasis   .     (boots unavailable)
MR     .....                    (no amulet)
Stlth  ++........               (no ring)
                                (no ring)

@: very slow, not resistant to hostile enchantments, unstealthy
A: unfitting armour, tough skin 1
a: Bend Time, Renounce Religion


You were on level 4 of the Dungeon.
You worshipped Cheibriados.
Cheibriados was aware of your devotion.
You were not hungry.

You visited 1 branch of the dungeon, and saw 4 of its levels.

You collected 209 gold pieces.

Inventory:

Hand Weapons
 a - a +2 dagger
 b - a +0 blowgun
 o - a +2 dagger of freezing (weapon)
Missiles
 e - 29 poisoned needles
 f - 2 curare-tipped needles
Armour
 c - a +0 robe (worn)
 d - a +0 cloak (worn)
Jewellery
 v - a +2 ring of strength {unknown}
Wands
 i - a wand of digging (9)
Scrolls
 q - a scroll of magic mapping {unknown}
 s - 5 scrolls of remove curse
 t - a scroll of amnesia
 u - a scroll of random uselessness {unknown}
Potions
 h - 2 potions of resistance {unknown}
 k - a potion of magic {unknown}
 n - a potion of might {unknown}
 w - a potion of mutation {unknown}
Comestibles
 g - 3 bread rations
 j - 2 slices of pizza


   Skills:
 + Level 4.8 Fighting
 + Level 2.4 Short Blades
 - Level 2.0 Throwing
 - Level 0.8 Dodging
 * Level 5.2 Stealth


You had 5 spell levels left.
You didn't know any spells.

Dungeon Overview and Level Annotations

Branches:
Dungeon (4/15)
 Temple: D:4-7

Altars:
Cheibriados
Xom
Yredelemnul


Innate Abilities, Weirdness & Mutations

You are too large for most types of armour.
You have tough skin (AC +1).


Message History

The phantom barely misses you.
You hit the phantom.
The phantom is almost destroyed.
The phantom barely misses you.
You miss the phantom.
The phantom is almost destroyed.
You closely miss the phantom.
The phantom is almost destroyed.
The phantom hits you.
* * * LOW HITPOINT WARNING * * *
You hit the phantom.
The phantom is almost destroyed.
The phantom barely misses you.
You hit the phantom but do no damage.
The phantom is almost destroyed.
The phantom hits you but does no damage.
You hit the phantom.
The phantom is almost destroyed.
The phantom hits you!
You die...

..# .... ....
############### .....
#...##........#
....##..[..........###
......................
#.!............#
#.........@..<.#
#....##....W...#
#.#####........# #####
........# #........#
#.ยง.# #'#.....#
#........###.#.#
#....?..#
#............#.# #
##......#
#..............#.##
#.....(#
#...................
###.##..
#...................


You could see a phantom.

Vanquished Creatures
  A phantom (D:4)
  Jessica (D:2)
  Terence (D:2)
  Natasha (D:2)
  8 adders
  An ooze (D:3)
  2 worms
  3 giant geckos
  2 orcs (D:3)
  A ball python (D:1)
  9 bats
  5 giant cockroaches
  7 goblins
  8 hobgoblins
  3 jackals (D:1)
  13 kobolds
  A giant newt (D:1)
  6 rats
  A spectral orc (D:3)
74 creatures vanquished.

Notes
Turn   | Place    | Note
--------------------------------------------------------------
     0 | D:1      | gorblad the Ogre Assassin began the quest for the Orb.
     0 | D:1      | Reached XP level 1. HP: 22/22 MP: 1/1
   135 | D:1      | Reached XP level 2. HP: 22/29 MP: 2/2
   393 | D:1      | Reached XP level 3. HP: 28/37 MP: 3/3
   886 | D:2      | Noticed Jessica
   899 | D:2      | Killed Jessica
   899 | D:2      | Reached skill level 4 in Stealth
   899 | D:2      | Reached XP level 4. HP: 27/48 MP: 4/4
  1158 | D:2      | Found a snail-covered altar of Cheibriados.
  1160 | D:2      | Noticed Natasha
  1165 | D:2      | Killed Natasha
  1190 | D:2      | Became a worshipper of Cheibriados the Contemplative
  1304 | D:2      | Reached XP level 5. HP: 54/54 MP: 5/5
  1408 | D:2      | Noticed Terence
  1418 | D:2      | Killed Terence
  2006 | D:3      | Reached * piety under Cheibriados
  2082 | D:3      | Found a basalt altar of Yredelemnul.
  2696 | D:3      | Found a shimmering altar of Xom.
  2817 | D:4      | Noticed a phantom
  2925 | D:4      | Killed a phantom
  2925 | D:4      | Reached skill level 5 in Stealth
  2925 | D:4      | Reached XP level 6. HP: 23/65 MP: 6/6
  3380 | D:4      | Slain by a phantom

Vault maps used:
D:1:      mrwooster_arrival_statue_3, corexii_item_surrounded_by_moat,
          st_stairs_3
D:2:      cheibriados_altar_1, kennysheep_generic_room_8, uniq_jessica,
          uniq_terence, uniq_natasha
D:3:      tgw_xom, yredelemnul_forgotten_temple_becter, serial_bayou_pond_c
D:4:      lemuel_round_altar, kennysheep_mini_moat, uniq_blork_the_orc

Action                   |  1- 3 |  4- 6 || total
-------------------------+-------+-------++-------
Melee: Dagger            |    94 |   218 ||   312
  Use: Scroll            |     5 |     1 ||     6
       Potion            |       |     6 ||     6
 Stab: Sleeping          |     4 |    10 ||    14
  Eat: Chunk             |       |     6 ||     6
